 Dungeon Crawl Stone Soup version 0.29.1 (webtiles) character file.

Game seed: 3476797967986240051

12 Artool the Ducker (level 2, 22/22 HPs)
             Began as a Demonspawn Gladiator on Sept 14, 2022.
             Quit the game on level 1 of the Dungeon.
             The game lasted 00:00:21 (443 turns).

Artool the Ducker (Demonspawn Gladiator)             Turns: 443, Time: 00:00:21

Health: 22/22      AC:  4    Str: 14    XL:     2   Next: 20%
Magic:  2/2        EV: 12    Int:  9    God:
Gold:   64         SH:  0    Dex: 14    Spells: 1/1 levels left

rFire   . . .      SeeInvis .   a - +0 flail
rCold   . . .      Faith    .   (no shield)
rNeg    . . .      Spirit   .   b - +0 leather armour
rPois   .          Reflect  .   c - +0 helmet
rElec   .          Harm     .   (no cloak)
rCorr   .          Rampage  .   (no gloves)
Will    .....                   (no boots)
Stlth   +.........              (no amulet)
HPRegen 0.07/turn               (no ring)
MPRegen 0.08/turn               (no ring)

@: no status effects
A: claws 1
a: no special abilities


You were on level 1 of the Dungeon.
You visited 1 branch of the dungeon, and saw 1 of its levels.

You collected 64 gold pieces.

Inventory:

Hand Weapons
 a - a +0 flail (weapon)
Missiles
 d - 3 throwing nets (quivered)
 e - a javelin
Armour
 b - a +0 leather armour (worn)
 c - a +0 helmet (worn)
Jewellery
 i - a ring of see invisible
Scrolls
 g - a scroll of amnesia {unknown}
 j - a scroll of torment {unknown}
Potions
 f - a potion of curing {unknown}
 h - a potion of brilliance {unknown}


   Skills:
 + Level 2.2 Fighting
 + Level 2.8 Maces & Flails
 + Level 2.0 Throwing
 + Level 2.8 Dodging


You had one spell level left.
You didn't know any spells.
Your spell library was empty.

Dungeon Overview and Level Annotations

Branches:
Dungeon (1/15)

Altars:


Innate Abilities, Weirdness & Mutations

You have sharp fingernails.


Message History

You hit the hobgoblin.
You kill the hobgoblin!
Your Throwing skill increases to level 2!
You have reached level 2!
Your demonic ancestry asserts itself...
Your fingernails lengthen.
i - a ring of see invisible No target in view!
You see here a hobgoblin corpse.
You now have 54 gold pieces (gained 14).
A bat comes into view.
The bat closely misses you.
A bat is nearby!
You hit the bat.
You kill the bat!
You now have 64 gold pieces (gained 10).
You see here a bat corpse.
A hobgoblin comes into view.
A hobgoblin is nearby!
You sock the hobgoblin!
You kill the hobgoblin!
You see here a hobgoblin corpse.
A ball python comes into view.
A ball python is nearby!
The ball python hisses angrily.
A ball python is nearby!
You hit the ball python.
The ball python is moderately wounded.
The ball python bites you but does no damage.
The ball python grabs you. The ball python constricts you.
The ball python bites you but does no damage.
The ball python constricts you.
A ball python is nearby!
You hit the ball python.
You kill the ball python!
j - a scroll labelled OMNACU FOMOC No target in view!
A rat comes into view.
Okay, then.
Are you sure you want to abandon this character and quit the game? (Confirm with "yes".)

................. #
.....########### # .....
# ..... ###### #.....
#### #.#### ... .##...#
######.### .##.#.##
#......@.## .##.#...
#.........### ##.##.####
#.......#...# #.. ###
#.......###.###.#
#.......###...#.# #
...........##...# #
r..........###..#### #
...#+#..........##.#####
.. ###....######.#...#


You could see a rat (asleep).

Vanquished Creatures
  A dart slug (D:1)
  A bat (D:1)
  2 goblins (D:1)
  2 hobgoblins (D:1)
  2 ball pythons (D:1)
  A frilled lizard (D:1)
9 creatures vanquished.

Notes
Turn   | Place    | Note
-------+----------+-------------------------------------------
     0 | D:1      | Artool the Demonspawn Gladiator began the quest for the
                  | Orb.
     0 | D:1      | Reached XP level 1. HP: 16/16 MP: 1/1
   256 | D:1      | Gained mutation: You have sharp fingernails. [demonic
                  | ancestry]
   256 | D:1      | Reached XP level 2. HP: 17/22 MP: 2/2
   443 | D:1      | Quit the game

Illustrated notes

Levels and vault maps discovered:
D:1:      ebering_trefoil_3fold, layout_basic, st_stairs_10

Skill      XL: |  1 |
---------------+----+-----
Throwing       | 2 |  2.0
Fighting       | |  2.2
Maces & Flails | |  2.8
Dodging        | |  2.8

Action                   || total
-------------------------++-------
Melee: Flail             ||    24
Armor: Leather armour    ||     7
Dodge: Dodged            ||    15
